WCHLSIM.com - West Coast Hockey League
html PUBLIC "-//W3C//DTD XHTML 1.0 Transitional//EN" "http://www.w3.org/TR/xhtml1/DTD/xhtml1-transitional.dtd"> WCHL - Game 124 - OAKLAND GORILLAS vs SALEM BLACK JAYS

OAKLAND GORILLAS vs SALEM BLACK JAYS

Created - 29 octobre 2023 at 21:38

Goals
1 2 3 OT1 SO T
OAKLAND GORILLAS 0 1 0 0 0 1
SALEM BLACK JAYS 0 1 0 0 1 2
Shots
1 2 3 OT1 SO T
OAKLAND GORILLAS 5 6 9 2 3 22
SALEM BLACK JAYS 8 6 11 3 2 28

1st period

No Goal

Penalties :
Jonas Siegenthaler (OAK) for Hooking (Minor) at 19:02

2nd period

1. OAKLAND GORILLAS , Patrik Laine 4 (Aleksander Barkov 8) at 1:45
2. SALEM BLACK JAYS , Mitchell Marner 1 (Mikko Rantanen 3, Matt Benning 2) at 18:14

Penalties :
Hampus Lindholm (OAK) for Interference (Minor) at 2:41, Hampus Lindholm (OAK) for Delaying the game (Minor) at 10:03, Theodor Blueger (SAL) for Roughing (Minor) at 12:09, Barrett Hayton (SAL) for Interference (Minor) at 18:29

3rd period

No Goal

Penalties :
No Penalty

Overtime #1

No Goal

Penalties :
No Penalty

Shootout

OAKLAND GORILLAS, Aleksander Barkov - Shot Misses the Net
SALEM BLACK JAYS, Mikko Rantanen - Goal!
OAKLAND GORILLAS, Patrik Laine - Stopped by Juuse Saros
SALEM BLACK JAYS, Mitchell Marner - Stopped by Alexandar Georgiev
OAKLAND GORILLAS, Brock Boeser - Shot Misses the Net

Penalties :
No Penalty

Goalie Stats

Alexandar Georgiev (OAK), 27 saves from 28 shots - (0,964), OTL, 3-4-1, 65:00 minutes
Juuse Saros (SAL), 21 saves from 22 shots - (0,955), W, 4-3-1, 65:00 minutes

Players Stats for OAKLAND GORILLAS

Player Name              G  A  P  +/- PIM S  H  SB GA TA FO     MP     PP MP  PK MP  
------------------------------------------------------------------------------------
Aleksander Barkov        0  1  1   0  0   3  0  0  0  0  18/28  24:24   2:23   3:56 
Andrew Poturalski        0  0  0   0  0   0  0  0  0  0  0/1     5:55   0:00   0:00 
Brock Boeser             0  0  0   0  0   3  2  0  0  0  0/1    18:32   2:23   0:00 
Cameron York             0  0  0  -1  0   0  0  1  0  0  0/0    16:08   1:54   0:16 
Colton Sissons           0  0  0   0  0   2  0  0  0  0  6/13   16:29   0:00   2:01 
David Kampf              0  0  0   0  0   0  2  0  0  0  0/0    17:44   0:00   3:16 
Gabriel Dumont           0  0  0   0  0   0  0  0  0  0  6/10    5:55   0:00   0:00 
Hampus Lindholm          0  0  0   1  4   0  1  0  0  0  0/0    24:18   2:04   1:35 
Jack McBain              0  0  0   0  0   1  2  0  0  0  0/0     5:55   0:00   0:00 
Jared Spurgeon           0  0  0   1  0   1  0  2  0  0  0/0    25:14   2:04   3:33 
Joel Farabee             0  0  0   0  0   0  1  0  0  0  0/0    16:29   0:00   2:01 
Jonas Siegenthaler       0  0  0   0  2   1  3  0  0  0  0/0    22:09   1:54   2:00 
Martin Fehervary         0  0  0  -1  0   0  4  0  0  0  0/0    16:04   0:00   2:06 
Max Domi                 0  0  0   0  0   1  0  0  0  0  7/22   19:26   1:35   0:40 
Patrik Laine             1  0  1   0  0   5  2  0  0  0  1/1    19:54   2:23   0:00 
Ryan Hartman             0  0  0   0  0   4  2  0  0  0  0/0    18:02   1:35   0:00 
Tomas Tatar              0  0  0   0  0   1  2  0  0  0  0/0    16:26   1:35   0:00 
Trevor van Riemsdyk      0  0  0   0  0   0  0  2  0  0  0/0    19:56   0:00   2:24 

Players Stats for SALEM BLACK JAYS

Player Name              G  A  P  +/- PIM S  H  SB GA TA FO     MP     PP MP  PK MP  
------------------------------------------------------------------------------------
Barrett Hayton           0  0  0   0  2   3  1  0  0  0  0/0    18:37   2:12   0:17 
Cody Ceci                0  0  0   0  0   0  0  2  0  0  0/0    20:05   2:12   1:25 
Colin Miller             0  0  0   1  0   0  1  1  0  0  0/0    14:15   0:00   0:00 
Daniel Sprong            0  0  0   0  0   0  0  0  0  0  0/1    11:40   0:00   0:00 
Dylan Cozens             0  0  0   0  0   4  0  0  0  0  6/12   13:52   2:12   0:00 
Dylan Larkin             0  0  0   0  0   5  1  0  0  0  16/23  24:00   3:45   1:42 
Filip Chytil             0  0  0   0  0   2  0  0  0  0  3/9     6:34   0:24   0:00 
Josh Archibald           0  0  0   0  0   0  1  0  0  0  0/0    12:42   0:00   1:02 
Joshua Morrissey         0  0  0  -1  0   0  1  2  0  0  0/0    28:16   3:45   2:33 
Martin Necas             0  0  0   0  0   4  2  0  0  0  1/1    21:29   0:00   2:56 
Mathew Barzal            0  0  0   0  0   1  0  0  0  0  9/20   18:39   1:48   0:45 
Matt Benning             0  1  1   1  0   0  1  2  0  0  0/0    14:15   0:00   0:00 
Maxime Comtois           0  0  0   0  0   0  1  0  0  0  0/0     6:10   0:00   0:00 
Mikko Rantanen           0  1  1   0  0   3  3  0  0  0  2/5    22:27   3:45   0:00 
Mitchell Marner          1  0  1   0  0   5  2  0  0  0  0/1    22:27   3:45   0:00 
Nick Jensen              0  0  0  -1  0   1  0  1  0  0  0/0    28:04   3:45   2:33 
Scott Mayfield           0  0  0   0  0   0  1  1  0  0  0/0    20:05   2:12   1:25 
Theodor Blueger          0  0  0   0  2   0  0  0  0  0  1/4     7:23   0:00   1:14 

3 Stars

1 - Alexandar Georgiev (OAK)
2 - Mitchell Marner (SAL)
3 - Juuse Saros (SAL)

Power Play

OAKLAND GORILLAS - 0 on 2 Attempt(s) - 0,00%
SALEM BLACK JAYS - 0 on 3 Attempt(s) - 0,00%

Penalty Kill

OAKLAND GORILLAS - 3 on 3 Attempt(s) - 100,00% - Score 0 goal in Penalty Kill
SALEM BLACK JAYS - 2 on 2 Attempt(s) - 100,00% - Score 0 goal in Penalty Kill

Team Stat

OAKLAND GORILLAS - Hits : 21 - Faceoff Wins : 38 - Blocked Shots : 5 - Penalty Minutes : 6
SALEM BLACK JAYS - Hits : 15 - Faceoff Wins : 38 - Blocked Shots : 9 - Penalty Minutes : 4

Official

Referees : Mike Duco and Trevor Hanson
Linesman : Justin Cornell and Scott Cherrey

Game Notes

No Game Note

Finance

Level 1 -- Attendance: 6000 (100,00%) -- Ticket Income 918 000 $
Level 2 -- Attendance: 5000 (100,00%) -- Ticket Income 535 000 $
Level 3 -- Attendance: 2000 (100,00%) -- Ticket Income 162 000 $
Level 4 -- Attendance: 4000 (100,00%) -- Ticket Income 232 000 $
Luxury Box -- Attendance: 1000 (100,00%) -- Ticket Income 278 000 $
Game was played at the Demon Arena.
Total Attendance: 18000 (100,00%)
Total Ticket Income: 2 125 000 $
Other Expense: 21 250 $
Total Income: 2 103 750 $

OAKLAND GORILLAS

5 vs 5 Forward 
   Center                   Left Wing                Right Wing               Time % Phy DF OF 
 1 Aleksander Barkov        Patrik Laine             Brock Boeser             31     0   2  3  
 2 Max Domi                 Tomas Tatar              Ryan Hartman             30     0   2  3  
 3 Colton Sissons           Joel Farabee             David Kampf              30     0   2  3  
 4 Gabriel Dumont           Jack McBain              Andrew Poturalski        9      0   2  3  

5 vs 5 Defense 
   Defense                  Defense                                           Time % Phy DF OF 
 1 Hampus Lindholm          Jared Spurgeon                                    38     0   2  3  
 2 Jonas Siegenthaler       Trevor van Riemsdyk                               36     0   2  3  
 3 Martin Fehervary         Cameron York                                      26     0   2  3  
 4 Jared Spurgeon           Hampus Lindholm                                   0      0   2  3  

PowerPlay Forward 
   Center                   Left Wing                Right Wing               Time % Phy DF OF 
 1 Aleksander Barkov        Patrik Laine             Brock Boeser             55     0   2  3  
 2 Max Domi                 Tomas Tatar              Ryan Hartman             45     0   2  3  

PowerPlay Defense
   Defense                  Defense                                           Time % Phy DF OF 
 1 Jared Spurgeon           Hampus Lindholm                                   55     1   2  2  
 2 Cameron York             Jonas Siegenthaler                                45     1   2  2  

Penalty Kill 4 Players Forward 
   Center                   Wing                     Time % Phy DF OF 
 1 Aleksander Barkov        David Kampf              55     1   4  0  
 2 Colton Sissons           Joel Farabee             45     1   4  0  

Penalty Kill 4 Players Defense
   Defense                  Defense                  Time % Phy DF OF 
 1 Hampus Lindholm          Jared Spurgeon           55     1   4  0  
 2 Jonas Siegenthaler       Trevor van Riemsdyk      45     1   4  0  

Penalty Kill - 3 Players Forward 
   Forward                                           Time % Phy DF OF 
 1 Aleksander Barkov                                 55     1   4  0  
 2 Colton Sissons                                    45     1   4  0  

Penalty Kill - 3 Players Defense
   Defense                  Defense                  Time % Phy DF OF 
 1 Hampus Lindholm          Jared Spurgeon           55     1   4  0  
 2 Jonas Siegenthaler       Trevor van Riemsdyk      45     1   4  0  

4 vs 4 Forward 
   Center                   Wing                     Time % Phy DF OF 
 1 Aleksander Barkov        Patrik Laine             55     1   2  2  
 2 Ryan Hartman             Brock Boeser             45     1   2  2  

4 vs 4 Defense
   Defense                  Defense                  Time % Phy DF OF 
 1 Hampus Lindholm          Jared Spurgeon           55     1   2  2  
 2 Jonas Siegenthaler       Trevor van Riemsdyk      45     1   2  2  

Last Minutes Offensive
   Center                   Left Wing                Right Wing               Defense                  Defense                  
   Aleksander Barkov        Patrik Laine             Brock Boeser             Hampus Lindholm          Jared Spurgeon           

Last Minutes Defensive
   Center                   Left Wing                Right Wing               Defense                  Defense                  
   Aleksander Barkov        David Kampf              Colton Sissons           Hampus Lindholm          Jared Spurgeon           

Goaltenders
Starting : Alexandar Georgiev       
Backup : Thomas Greiss            

Extra Forwards
Normal : Aleksander Barkov, Joel Farabee, Ryan Hartman - PP : Ryan Hartman, Joel Farabee - PK : Max Domi
Extra Defensemen
Normal : Hampus Lindholm, Jared Spurgeon, Jonas Siegenthaler - PP : Martin Fehervary - PK : Martin Fehervary, Cameron York
Penalty Shots
Aleksander Barkov, Patrik Laine, Brock Boeser, Ryan Hartman, Joel Farabee
Custom OT Lines Forwards
Aleksander Barkov, Patrik Laine, Max Domi, Ryan Hartman, Brock Boeser, Tomas Tatar, Joel Farabee, Colton Sissons, David Kampf, Jack McBain
Custom OT Lines Defensemen
Hampus Lindholm, Jared Spurgeon, Jonas Siegenthaler, Trevor van Riemsdyk, Cameron York

Scratches
Zachary Werenski (Bruised Left Leg Injury), Brock Nelson (Right Leg Injury)

SALEM BLACK JAYS

5 vs 5 Forward 
   Center                   Left Wing                Right Wing               Time % Phy DF OF 
 1 Mathew Barzal            Mikko Rantanen           Mitchell Marner          36     1   2  2  
 2 Dylan Larkin             Barrett Hayton           Martin Necas             31     1   2  2  
 3 Dylan Cozens             Daniel Sprong            Josh Archibald           23     1   2  2  
 4 Filip Chytil             Maxime Comtois           Theodor Blueger          10     1   2  2  

5 vs 5 Defense 
   Defense                  Defense                                           Time % Phy DF OF 
 1 Joshua Morrissey         Nick Jensen                                       36     1   2  2  
 2 Scott Mayfield           Cody Ceci                                         31     1   2  2  
 3 Matt Benning             Colin Miller                                      23     1   2  2  
 4 Joshua Morrissey         Nick Jensen                                       10     1   2  2  

PowerPlay Forward 
   Center                   Left Wing                Right Wing               Time % Phy DF OF 
 1 Dylan Larkin             Mikko Rantanen           Mitchell Marner          55     1   2  2  
 2 Dylan Cozens             Barrett Hayton           Mathew Barzal            45     1   2  2  

PowerPlay Defense
   Defense                  Defense                                           Time % Phy DF OF 
 1 Joshua Morrissey         Nick Jensen                                       55     1   2  2  
 2 Scott Mayfield           Cody Ceci                                         45     1   2  2  

Penalty Kill 4 Players Forward 
   Center                   Wing                     Time % Phy DF OF 
 1 Theodor Blueger          Martin Necas             55     1   2  2  
 2 Barrett Hayton           Josh Archibald           45     1   2  2  

Penalty Kill 4 Players Defense
   Defense                  Defense                  Time % Phy DF OF 
 1 Joshua Morrissey         Nick Jensen              55     1   2  2  
 2 Scott Mayfield           Cody Ceci                45     1   2  2  

Penalty Kill - 3 Players Forward 
   Forward                                           Time % Phy DF OF 
 1 Theodor Blueger                                   55     1   2  2  
 2 Martin Necas                                      45     1   2  2  

Penalty Kill - 3 Players Defense
   Defense                  Defense                  Time % Phy DF OF 
 1 Joshua Morrissey         Nick Jensen              55     1   2  2  
 2 Scott Mayfield           Cody Ceci                45     1   2  2  

4 vs 4 Forward 
   Center                   Wing                     Time % Phy DF OF 
 1 Mikko Rantanen           Mitchell Marner          55     1   2  2  
 2 Dylan Larkin             Martin Necas             45     1   2  2  

4 vs 4 Defense
   Defense                  Defense                  Time % Phy DF OF 
 1 Joshua Morrissey         Nick Jensen              55     1   2  2  
 2 Scott Mayfield           Cody Ceci                45     1   2  2  

Last Minutes Offensive
   Center                   Left Wing                Right Wing               Defense                  Defense                  
   Mikko Rantanen           Barrett Hayton           Mitchell Marner          Joshua Morrissey         Nick Jensen              

Last Minutes Defensive
   Center                   Left Wing                Right Wing               Defense                  Defense                  
   Mikko Rantanen           Barrett Hayton           Mitchell Marner          Joshua Morrissey         Nick Jensen              

Goaltenders
Starting : Juuse Saros              
Backup : Anthony Stolarz          

Extra Forwards
Normal : Filip Chytil, Theodor Blueger, Mathew Barzal - PP : Filip Chytil, Theodor Blueger - PK : Mathew Barzal
Extra Defensemen
Normal : Matt Benning, Colin Miller, Scott Mayfield - PP : Matt Benning - PK : Colin Miller, Scott Mayfield
Penalty Shots
Mikko Rantanen, Mitchell Marner, Dylan Larkin, Martin Necas, Mathew Barzal
Custom OT Lines Forwards
Mikko Rantanen, Mitchell Marner, Dylan Larkin, Martin Necas, Mathew Barzal, Dylan Cozens, Barrett Hayton, Filip Chytil, Daniel Sprong, Theodor Blueger
Custom OT Lines Defensemen
Joshua Morrissey, Nick Jensen, Scott Mayfield, Cody Ceci, Matt Benning

Scratches
Josh Brown (Healthy), Marcus Bjork (Healthy)

% Time on Ice - OAKLAND GORILLAS

Lines # - Real PCT - Wanted PCT - Time Play
Normal Forward
1 - 30% - 31% - 14:51
2 - 30% - 30% - 14:51
3 - 29% - 30% - 14:28
4 - 12% - 9% - 5:55
Normal Defense
1 - 35% - 38% - 17:22
2 - 35% - 36% - 17:32
3 - 29% - 26% - 14:32
4 - 1% - 0% - 0:39
PP Forward
1 - 60% - 55% - 2:23
2 - 40% - 45% - 1:35
PP Defense
1 - 52% - 55% - 2:04
2 - 48% - 45% - 1:54
PK Forward
1 - 66% - 55% - 3:56
2 - 34% - 45% - 2:01
PK Defense
1 - 60% - 55% - 3:33
2 - 40% - 45% - 2:24
PK3 Forward
1 - 0% - 55%
2 - 0% - 45%
PK3 Defense
1 - 0% - 55%
2 - 0% - 45%
44 Forward
1 - 0% - 55%
2 - 0% - 45%
44 Defense
1 - 0% - 55%
2 - 0% - 45%
Last Minute Offensive  - 0:00
Last Minute Defensive  - 0:00
Total
Forward - 60:00
Defense - 60:00

% Time on Ice - SALEM BLACK JAYS

Lines # - Real PCT - Wanted PCT - Time Play
Normal Forward
1 - 32% - 36% - 16:06
2 - 32% - 31% - 16:09
3 - 23% - 23% - 11:40
4 - 12% - 10% - 6:10
Normal Defense
1 - 36% - 36% - 18:09
2 - 33% - 31% - 16:28
3 - 28% - 23% - 14:15
4 - 2% - 10% - 1:13
PP Forward
1 - 63% - 55% - 3:45
2 - 37% - 45% - 2:12
PP Defense
1 - 63% - 55% - 3:45
2 - 37% - 45% - 2:12
PK Forward
1 - 74% - 55% - 2:56
2 - 26% - 45% - 1:02
PK Defense
1 - 64% - 55% - 2:33
2 - 36% - 45% - 1:25
PK3 Forward
1 - 0% - 55%
2 - 0% - 45%
PK3 Defense
1 - 0% - 55%
2 - 0% - 45%
44 Forward
1 - 0% - 55%
2 - 0% - 45%
44 Defense
1 - 0% - 55%
2 - 0% - 45%
Last Minute Offensive  - 0:00
Last Minute Defensive  - 0:00
Total
Forward - 60:00
Defense - 60:00

Play-by-Play

1st period


0:01 of 1st period - Aleksander Barkov wins face-off versus Mathew Barzal in neutral zone.
0:11 of 1st period - Mitchell Marner is hit by Patrik Laine and loses puck.
0:25 of 1st period - Mathew Barzal is hit by Hampus Lindholm and loses puck.
0:42 of 1st period - Shot by Mitchell Marner.
0:42 of 1st period - Stopped by Alexandar Georgiev with a rebound.
1:02 of 1st period - Shot by Dylan Larkin.
1:02 of 1st period - Stopped by Alexandar Georgiev without a rebound.
1:03 of 1st period - Dylan Cozens wins face-off versus Max Domi in OAKLAND GORILLAS zone.
1:31 of 1st period - Trevor van Riemsdyk is hit by Josh Archibald and loses puck.
3:22 of 1st period - Barrett Hayton is hit by Jack McBain and loses puck.
3:40 of 1st period - Icing by Hampus Lindholm.
3:41 of 1st period - Mathew Barzal wins face-off versus Gabriel Dumont in OAKLAND GORILLAS zone.
3:45 of 1st period - Icing by Jared Spurgeon.
3:46 of 1st period - Gabriel Dumont wins face-off versus Mathew Barzal in OAKLAND GORILLAS zone.
3:46 of 1st period - Gabriel Dumont is hit by Mitchell Marner.
3:54 of 1st period - Icing by Nick Jensen.
3:55 of 1st period - Mathew Barzal wins face-off versus Max Domi in SALEM BLACK JAYS zone.
3:55 of 1st period - Mathew Barzal is hit by Tomas Tatar.
4:07 of 1st period - Max Domi is hit by Joshua Morrissey and loses puck.
4:10 of 1st period - Shot by Ryan Hartman.
4:10 of 1st period - Stopped by Juuse Saros without a rebound.
4:11 of 1st period - Aleksander Barkov wins face-off versus Filip Chytil in SALEM BLACK JAYS zone.
4:35 of 1st period - Shot by Aleksander Barkov.
4:35 of 1st period - Shot Hit the Post.
4:49 of 1st period - Shot by Patrik Laine.
4:49 of 1st period - Stopped by Juuse Saros without a rebound.
4:50 of 1st period - Dylan Larkin wins face-off versus Max Domi in SALEM BLACK JAYS zone.
5:22 of 1st period - Shot by Martin Necas.
5:22 of 1st period - Shot Misses the Net.
5:53 of 1st period - Max Domi is hit by Martin Necas and loses puck.
6:05 of 1st period - Icing by Jonas Siegenthaler.
6:06 of 1st period - Mathew Barzal wins face-off versus Max Domi in OAKLAND GORILLAS zone.
6:31 of 1st period - Shot by Jared Spurgeon.
6:31 of 1st period - Stopped by Juuse Saros without a rebound.
6:32 of 1st period - Aleksander Barkov wins face-off versus Filip Chytil in SALEM BLACK JAYS zone.
6:51 of 1st period - Shot by Filip Chytil.
6:51 of 1st period - Stopped by Alexandar Georgiev with a rebound.
6:53 of 1st period - Shot by Matt Benning.
6:53 of 1st period - Shot Blocked by Cameron York.
7:27 of 1st period - Shot by Mitchell Marner.
7:27 of 1st period - Shot Misses the Net.
7:47 of 1st period - Shot by Mitchell Marner.
7:47 of 1st period - Shot Misses the Net.
7:49 of 1st period - Shot by Cody Ceci.
7:49 of 1st period - Shot Misses the Net.
9:25 of 1st period - Shot by Barrett Hayton.
9:25 of 1st period - Stopped by Alexandar Georgiev with a rebound.
10:23 of 1st period - Icing by Hampus Lindholm.
10:24 of 1st period - Colton Sissons wins face-off versus Mathew Barzal in OAKLAND GORILLAS zone.
10:24 of 1st period - Colton Sissons is hit by Mitchell Marner.
10:27 of 1st period - Hampus Lindholm is hit by Mikko Rantanen and loses puck.
11:37 of 1st period - Shot by Martin Necas.
11:37 of 1st period - Stopped by Alexandar Georgiev without a rebound.
11:38 of 1st period - Dylan Cozens wins face-off versus Gabriel Dumont in OAKLAND GORILLAS zone.
11:51 of 1st period - Shot by Daniel Sprong.
11:51 of 1st period - Deflect By Dylan Cozens.
11:51 of 1st period - Stopped by Alexandar Georgiev without a rebound.
11:52 of 1st period - Dylan Larkin wins face-off versus Max Domi in OAKLAND GORILLAS zone.
12:13 of 1st period - Shot by Barrett Hayton.
12:13 of 1st period - Shot Hit the Post.
12:15 of 1st period - Shot by Barrett Hayton.
12:15 of 1st period - Shot Blocked by Trevor van Riemsdyk.
12:17 of 1st period - Shot by Dylan Larkin.
12:17 of 1st period - Shot Misses the Net.
12:23 of 1st period - Shot by Martin Necas.
12:23 of 1st period - Shot Misses the Net.
15:49 of 1st period - Off-side.
15:50 of 1st period - Mathew Barzal wins face-off versus Max Domi in neutral zone.
15:57 of 1st period - Shot by Mitchell Marner.
15:57 of 1st period - Shot Misses the Net.
15:59 of 1st period - Shot by Joshua Morrissey.
15:59 of 1st period - Shot Misses the Net.
16:01 of 1st period - Shot by Mitchell Marner.
16:01 of 1st period - Shot Misses the Net.
16:23 of 1st period - Shot by Mikko Rantanen.
16:23 of 1st period - Stopped by Alexandar Georgiev without a rebound.
16:24 of 1st period - Aleksander Barkov wins face-off versus Dylan Larkin in OAKLAND GORILLAS zone.
16:24 of 1st period - Aleksander Barkov is hit by Martin Necas.
16:34 of 1st period - Shot by Patrik Laine.
16:34 of 1st period - Shot Misses the Net.
16:36 of 1st period - Shot by Jonas Siegenthaler.
16:36 of 1st period - Shot Blocked by Matt Benning.
16:38 of 1st period - Shot by Aleksander Barkov.
16:38 of 1st period - Shot Misses the Net.
16:40 of 1st period - Shot by Trevor van Riemsdyk.
16:40 of 1st period - Shot Misses the Net.
16:42 of 1st period - Shot by Brock Boeser.
16:42 of 1st period - Stopped by Juuse Saros without a rebound.
16:43 of 1st period - Filip Chytil wins face-off versus Colton Sissons in SALEM BLACK JAYS zone.
16:43 of 1st period - Filip Chytil is hit by Joel Farabee.
17:05 of 1st period - Shot by Colton Sissons.
17:05 of 1st period - Stopped by Juuse Saros without a rebound.
17:06 of 1st period - Patrik Laine wins face-off versus Mathew Barzal in SALEM BLACK JAYS zone.
18:11 of 1st period - Colton Sissons is hit by Barrett Hayton.
18:33 of 1st period - Off-side.
18:34 of 1st period - Filip Chytil wins face-off versus Max Domi in neutral zone.
18:48 of 1st period - Maxime Comtois is hit by Martin Fehervary and loses puck.
18:53 of 1st period - Shot by Filip Chytil.
18:53 of 1st period - Stopped by Alexandar Georgiev without a rebound.
18:54 of 1st period - Gabriel Dumont wins face-off versus Dylan Larkin in OAKLAND GORILLAS zone.
18:54 of 1st period - Gabriel Dumont is hit by Dylan Larkin.
19:02 of 1st period - Minor Penalty to Jonas Siegenthaler for Hooking.
19:03 of 1st period - Dylan Larkin wins face-off versus Aleksander Barkov in OAKLAND GORILLAS zone.
Goals for this period are 0 for OAKLAND GORILLAS vs 0 for SALEM BLACK JAYS.
Shots for this period are 5 for OAKLAND GORILLAS vs 8 for SALEM BLACK JAYS.

2nd period


0:01 of 2nd period - Dylan Larkin wins face-off versus Aleksander Barkov in neutral zone.
0:15 of 2nd period - Icing by Dylan Larkin.
0:16 of 2nd period - Aleksander Barkov wins face-off versus Dylan Larkin in SALEM BLACK JAYS zone.
0:22 of 2nd period - Icing by Joshua Morrissey.
0:23 of 2nd period - Aleksander Barkov wins face-off versus Mitchell Marner in SALEM BLACK JAYS zone.
0:40 of 2nd period - Shot by Mikko Rantanen.
0:40 of 2nd period - Shot Misses the Net.
0:44 of 2nd period - Shot by Mitchell Marner.
0:44 of 2nd period - Shot Blocked by Jared Spurgeon.
0:46 of 2nd period - Shot by Mitchell Marner.
0:46 of 2nd period - Shot Misses the Net.
0:48 of 2nd period - Shot by Mitchell Marner.
0:48 of 2nd period - Shot Misses the Net.
0:50 of 2nd period - Shot by Nick Jensen.
0:50 of 2nd period - Stopped by Alexandar Georgiev with a rebound.
1:39 of 2nd period - Shot by Ryan Hartman.
1:39 of 2nd period - Stopped by Juuse Saros without a rebound.
1:40 of 2nd period - Gabriel Dumont wins face-off versus Filip Chytil in SALEM BLACK JAYS zone.
1:43 of 2nd period - Shot by Jack McBain.
1:43 of 2nd period - Stopped by Juuse Saros without a rebound.
1:44 of 2nd period - Aleksander Barkov wins face-off versus Mathew Barzal in SALEM BLACK JAYS zone.
1:45 of 2nd period - Shot by Patrik Laine.
1:45 of 2nd period - Goal by Patrik Laine - OAKLAND GORILLAS : 1 - SALEM BLACK JAYS : 0.
1:46 of 2nd period - Mathew Barzal wins face-off versus Colton Sissons in neutral zone.
1:46 of 2nd period - Mathew Barzal is hit by David Kampf.
2:41 of 2nd period - Minor Penalty to Hampus Lindholm for Interference.
2:42 of 2nd period - Dylan Cozens wins face-off versus Aleksander Barkov in OAKLAND GORILLAS zone.
3:36 of 2nd period - Icing by Mikko Rantanen.
3:37 of 2nd period - Dylan Larkin wins face-off versus Aleksander Barkov in SALEM BLACK JAYS zone.
4:59 of 2nd period - Icing by Colin Miller.
5:00 of 2nd period - Gabriel Dumont wins face-off versus Theodor Blueger in SALEM BLACK JAYS zone.
5:09 of 2nd period - Colin Miller is hit by Jack McBain and loses puck.
5:24 of 2nd period - Trevor van Riemsdyk is hit by Maxime Comtois and loses puck.
5:34 of 2nd period - Icing by Trevor van Riemsdyk.
5:35 of 2nd period - Dylan Larkin wins face-off versus Gabriel Dumont in OAKLAND GORILLAS zone.
5:41 of 2nd period - Martin Necas is hit by Jonas Siegenthaler and loses puck.
6:21 of 2nd period - Shot by Martin Necas.
6:21 of 2nd period - Shot Misses the Net.
6:54 of 2nd period - Mitchell Marner is hit by Martin Fehervary and loses puck.
6:58 of 2nd period - Icing by Cameron York.
6:59 of 2nd period - Dylan Cozens wins face-off versus Max Domi in OAKLAND GORILLAS zone.
7:26 of 2nd period - Shot by Daniel Sprong.
7:26 of 2nd period - Shot Misses the Net.
7:42 of 2nd period - Matt Benning is hit by Ryan Hartman and loses puck.
9:09 of 2nd period - Shot by Aleksander Barkov.
9:09 of 2nd period - Deflect By Patrik Laine.
9:09 of 2nd period - Stopped by Juuse Saros with a rebound.
9:21 of 2nd period - Shot by Aleksander Barkov.
9:21 of 2nd period - Stopped by Juuse Saros without a rebound.
9:22 of 2nd period - Dylan Larkin wins face-off versus Andrew Poturalski in SALEM BLACK JAYS zone.
9:27 of 2nd period - Shot by Dylan Larkin.
9:27 of 2nd period - Stopped by Alexandar Georgiev without a rebound.
9:28 of 2nd period - Max Domi wins face-off versus Dylan Larkin in OAKLAND GORILLAS zone.
9:32 of 2nd period - Off-side.
9:33 of 2nd period - Aleksander Barkov wins face-off versus Dylan Larkin in neutral zone.
10:03 of 2nd period - Minor Penalty to Hampus Lindholm for Delaying the game.
10:04 of 2nd period - Dylan Larkin wins face-off versus Colton Sissons in OAKLAND GORILLAS zone.
10:29 of 2nd period - Icing by Mitchell Marner.
10:30 of 2nd period - Dylan Larkin wins face-off versus Aleksander Barkov in SALEM BLACK JAYS zone.
12:09 of 2nd period - Minor Penalty to Theodor Blueger for Roughing.
12:10 of 2nd period - Dylan Larkin wins face-off versus Max Domi in SALEM BLACK JAYS zone.
13:13 of 2nd period - Shot by Aleksander Barkov.
13:13 of 2nd period - Shot Blocked by Nick Jensen.
13:15 of 2nd period - Shot by Aleksander Barkov.
13:15 of 2nd period - Shot Misses the Net.
14:29 of 2nd period - Shot by Colton Sissons.
14:29 of 2nd period - Shot Blocked by Colin Miller.
14:31 of 2nd period - Shot by Colton Sissons.
14:31 of 2nd period - Shot Misses the Net.
14:33 of 2nd period - Shot by Jonas Siegenthaler.
14:33 of 2nd period - Stopped by Juuse Saros without a rebound.
14:34 of 2nd period - Gabriel Dumont wins face-off versus Filip Chytil in SALEM BLACK JAYS zone.
14:48 of 2nd period - Shot by Filip Chytil.
14:48 of 2nd period - Shot Misses the Net.
14:50 of 2nd period - Shot by Filip Chytil.
14:50 of 2nd period - Shot Misses the Net.
15:02 of 2nd period - Shot by Theodor Blueger.
15:02 of 2nd period - Shot Misses the Net.
15:45 of 2nd period - Patrik Laine is hit by Matt Benning and loses puck.
15:49 of 2nd period - Icing by Matt Benning.
15:50 of 2nd period - Max Domi wins face-off versus Mathew Barzal in SALEM BLACK JAYS zone.
16:04 of 2nd period - Icing by Trevor van Riemsdyk.
16:05 of 2nd period - Max Domi wins face-off versus Dylan Cozens in OAKLAND GORILLAS zone.
16:10 of 2nd period - Shot by Max Domi.
16:10 of 2nd period - Shot Hit the Post.
16:13 of 2nd period - Icing by Joshua Morrissey.
16:14 of 2nd period - Colton Sissons wins face-off versus Dylan Cozens in SALEM BLACK JAYS zone.
17:07 of 2nd period - Dylan Cozens is hit by Jonas Siegenthaler and loses puck.
17:32 of 2nd period - Shot by Dylan Larkin.
17:32 of 2nd period - Shot Misses the Net.
17:40 of 2nd period - Shot by Martin Necas.
17:40 of 2nd period - Stopped by Alexandar Georgiev without a rebound.
17:41 of 2nd period - Aleksander Barkov wins face-off versus Mathew Barzal in OAKLAND GORILLAS zone.
17:46 of 2nd period - Shot by Mikko Rantanen.
17:46 of 2nd period - Stopped by Alexandar Georgiev without a rebound.
17:47 of 2nd period - Mathew Barzal wins face-off versus Brock Boeser in OAKLAND GORILLAS zone.
17:51 of 2nd period - Mitchell Marner is hit by Martin Fehervary and loses puck.
18:03 of 2nd period - Mathew Barzal is hit by Martin Fehervary and loses puck.
18:14 of 2nd period - Shot by Mitchell Marner.
18:14 of 2nd period - Goal by Mitchell Marner - OAKLAND GORILLAS : 1 - SALEM BLACK JAYS : 1.
18:15 of 2nd period - Dylan Larkin wins face-off versus Colton Sissons in neutral zone.
18:26 of 2nd period - Shot by Barrett Hayton.
18:26 of 2nd period - Stopped by Alexandar Georgiev with a rebound.
18:29 of 2nd period - Minor Penalty to Barrett Hayton for Interference.
18:30 of 2nd period - Aleksander Barkov wins face-off versus Theodor Blueger in SALEM BLACK JAYS zone.
19:13 of 2nd period - Icing by Cameron York.
19:14 of 2nd period - Aleksander Barkov wins face-off versus Theodor Blueger in OAKLAND GORILLAS zone.
19:19 of 2nd period - Shot by Aleksander Barkov.
19:19 of 2nd period - Shot Misses the Net.
Goals for this period are 1 for OAKLAND GORILLAS vs 1 for SALEM BLACK JAYS.
Shots for this period are 6 for OAKLAND GORILLAS vs 6 for SALEM BLACK JAYS.

3rd period


0:01 of 3rd period - Theodor Blueger wins face-off versus Aleksander Barkov in neutral zone.
0:16 of 3rd period - Shot by Patrik Laine.
0:16 of 3rd period - Shot Blocked by Cody Ceci.
0:18 of 3rd period - Shot by Hampus Lindholm.
0:18 of 3rd period - Shot Blocked by Scott Mayfield.
0:20 of 3rd period - Shot by Brock Boeser.
0:20 of 3rd period - Shot Misses the Net.
0:37 of 3rd period - Jonas Siegenthaler is hit by Mikko Rantanen and loses puck.
0:42 of 3rd period - Shot by Mikko Rantanen.
0:42 of 3rd period - Shot Misses the Net.
1:26 of 3rd period - Shot by Martin Necas.
1:26 of 3rd period - Shot Blocked by Trevor van Riemsdyk.
1:42 of 3rd period - Shot by Dylan Larkin.
1:42 of 3rd period - Stopped by Alexandar Georgiev without a rebound.
1:43 of 3rd period - Aleksander Barkov wins face-off versus Dylan Cozens in OAKLAND GORILLAS zone.
1:54 of 3rd period - Shot by Dylan Cozens.
1:54 of 3rd period - Stopped by Alexandar Georgiev with a rebound.
2:12 of 3rd period - Shot by Dylan Cozens.
2:12 of 3rd period - Shot Misses the Net.
2:14 of 3rd period - Shot by Daniel Sprong.
2:14 of 3rd period - Deflect By Dylan Cozens.
2:14 of 3rd period - Stopped by Alexandar Georgiev without a rebound.
2:15 of 3rd period - Martin Necas wins face-off versus Colton Sissons in OAKLAND GORILLAS zone.
3:01 of 3rd period - Off-side.
3:02 of 3rd period - Aleksander Barkov wins face-off versus Mathew Barzal in neutral zone.
3:05 of 3rd period - Nick Jensen is hit by Patrik Laine and loses puck.
3:19 of 3rd period - Joshua Morrissey is hit by Brock Boeser.
3:31 of 3rd period - Shot by Brock Boeser.
3:31 of 3rd period - Stopped by Juuse Saros without a rebound.
3:32 of 3rd period - Max Domi wins face-off versus Dylan Cozens in SALEM BLACK JAYS zone.
3:32 of 3rd period - Max Domi is hit by Colin Miller.
3:36 of 3rd period - Shot by Ryan Hartman.
3:36 of 3rd period - Stopped by Juuse Saros without a rebound.
3:37 of 3rd period - Dylan Larkin wins face-off versus Max Domi in SALEM BLACK JAYS zone.
4:10 of 3rd period - Icing by Ryan Hartman.
4:11 of 3rd period - Max Domi wins face-off versus Mathew Barzal in OAKLAND GORILLAS zone.
4:37 of 3rd period - Off-side.
4:38 of 3rd period - Dylan Larkin wins face-off versus Colton Sissons in neutral zone.
4:59 of 3rd period - Shot by Martin Necas.
4:59 of 3rd period - Shot Misses the Net.
5:07 of 3rd period - Shot by Martin Necas.
5:07 of 3rd period - Stopped by Alexandar Georgiev without a rebound.
5:08 of 3rd period - Aleksander Barkov wins face-off versus Mathew Barzal in OAKLAND GORILLAS zone.
5:37 of 3rd period - Shot by Aleksander Barkov.
5:37 of 3rd period - Stopped by Juuse Saros with a rebound.
6:13 of 3rd period - Icing by Martin Fehervary.
6:14 of 3rd period - Dylan Larkin wins face-off versus Aleksander Barkov in OAKLAND GORILLAS zone.
7:04 of 3rd period - Shot by Colton Sissons.
7:04 of 3rd period - Shot Blocked by Cody Ceci.
7:06 of 3rd period - Shot by Colton Sissons.
7:06 of 3rd period - Stopped by Juuse Saros without a rebound.
7:07 of 3rd period - Dylan Cozens wins face-off versus Max Domi in SALEM BLACK JAYS zone.
7:07 of 3rd period - Dylan Cozens is hit by Tomas Tatar.
8:02 of 3rd period - Shot by Mitchell Marner.
8:02 of 3rd period - Stopped by Alexandar Georgiev without a rebound.
8:03 of 3rd period - Colton Sissons wins face-off versus Filip Chytil in OAKLAND GORILLAS zone.
8:09 of 3rd period - Icing by Joshua Morrissey.
8:10 of 3rd period - Filip Chytil wins face-off versus Colton Sissons in SALEM BLACK JAYS zone.
8:10 of 3rd period - Filip Chytil is hit by David Kampf.
9:27 of 3rd period - Shot by Aleksander Barkov.
9:27 of 3rd period - Stopped by Juuse Saros without a rebound.
9:28 of 3rd period - Max Domi wins face-off versus Dylan Larkin in SALEM BLACK JAYS zone.
9:35 of 3rd period - Shot by Tomas Tatar.
9:35 of 3rd period - Stopped by Juuse Saros without a rebound.
9:36 of 3rd period - Mathew Barzal wins face-off versus Max Domi in SALEM BLACK JAYS zone.
9:41 of 3rd period - Ryan Hartman is hit by Mikko Rantanen and loses puck.
9:50 of 3rd period - Shot by Mathew Barzal.
9:50 of 3rd period - Shot Misses the Net.
10:07 of 3rd period - Mitchell Marner is hit by Jonas Siegenthaler and loses puck.
11:01 of 3rd period - Shot by Patrik Laine.
11:01 of 3rd period - Shot Blocked by Matt Benning.
12:04 of 3rd period - Shot by Dylan Cozens.
12:04 of 3rd period - Stopped by Alexandar Georgiev without a rebound.
12:05 of 3rd period - Colton Sissons wins face-off versus Mathew Barzal in OAKLAND GORILLAS zone.
12:24 of 3rd period - David Kampf is hit by Scott Mayfield and loses puck.
12:44 of 3rd period - Shot by Mathew Barzal.
12:44 of 3rd period - Stopped by Alexandar Georgiev without a rebound.
12:45 of 3rd period - Dylan Cozens wins face-off versus Max Domi in OAKLAND GORILLAS zone.
12:49 of 3rd period - Icing by Jonas Siegenthaler.
12:50 of 3rd period - Max Domi wins face-off versus Dylan Cozens in OAKLAND GORILLAS zone.
13:11 of 3rd period - Shot by Max Domi.
13:11 of 3rd period - Stopped by Juuse Saros with a rebound.
13:13 of 3rd period - Shot by Max Domi.
13:13 of 3rd period - Shot Blocked by Joshua Morrissey.
13:15 of 3rd period - Shot by Ryan Hartman.
13:15 of 3rd period - Shot Misses the Net.
13:46 of 3rd period - Mikko Rantanen is hit by Ryan Hartman and loses puck.
14:44 of 3rd period - Shot by Barrett Hayton.
14:44 of 3rd period - Shot Blocked by Jared Spurgeon.
15:08 of 3rd period - Shot by Dylan Larkin.
15:08 of 3rd period - Stopped by Alexandar Georgiev without a rebound.
15:09 of 3rd period - Aleksander Barkov wins face-off versus Filip Chytil in OAKLAND GORILLAS zone.
15:20 of 3rd period - Shot by Patrik Laine.
15:20 of 3rd period - Shot Misses the Net.
15:22 of 3rd period - Shot by Brock Boeser.
15:22 of 3rd period - Stopped by Juuse Saros without a rebound.
15:23 of 3rd period - Gabriel Dumont wins face-off versus Daniel Sprong in SALEM BLACK JAYS zone.
16:42 of 3rd period - Shot by Barrett Hayton.
16:42 of 3rd period - Stopped by Alexandar Georgiev without a rebound.
16:43 of 3rd period - Mathew Barzal wins face-off versus Aleksander Barkov in OAKLAND GORILLAS zone.
17:02 of 3rd period - Shot by Mikko Rantanen.
17:02 of 3rd period - Stopped by Alexandar Georgiev without a rebound.
17:03 of 3rd period - Colton Sissons wins face-off versus Dylan Larkin in OAKLAND GORILLAS zone.
17:37 of 3rd period - Shot by Colton Sissons.
17:37 of 3rd period - Shot Blocked by Joshua Morrissey.
17:57 of 3rd period - Joshua Morrissey is hit by Brock Boeser and loses puck.
18:14 of 3rd period - Shot by Aleksander Barkov.
18:14 of 3rd period - Deflect By Patrik Laine.
18:14 of 3rd period - Shot Misses the Net.
18:16 of 3rd period - Shot by Aleksander Barkov.
18:16 of 3rd period - Deflect By Patrik Laine.
18:16 of 3rd period - Stopped by Juuse Saros with a rebound.
19:03 of 3rd period - Shot by Max Domi.
19:03 of 3rd period - Shot Misses the Net.
19:42 of 3rd period - Icing by Martin Fehervary.
19:43 of 3rd period - Mathew Barzal wins face-off versus Gabriel Dumont in OAKLAND GORILLAS zone.
19:58 of 3rd period - Shot by Mitchell Marner.
19:58 of 3rd period - Stopped by Alexandar Georgiev without a rebound.
19:59 of 3rd period - Colton Sissons wins face-off versus Dylan Cozens in OAKLAND GORILLAS zone.
Goals for this period are 0 for OAKLAND GORILLAS vs 0 for SALEM BLACK JAYS.
Shots for this period are 9 for OAKLAND GORILLAS vs 11 for SALEM BLACK JAYS.

Overtime #1


0:01 of 1st overtime period - Mikko Rantanen wins face-off versus Aleksander Barkov in neutral zone.
0:18 of 1st overtime period - Shot by Mitchell Marner.
0:18 of 1st overtime period - Stopped by Alexandar Georgiev without a rebound.
0:19 of 1st overtime period - Aleksander Barkov wins face-off versus Mikko Rantanen in OAKLAND GORILLAS zone.
0:23 of 1st overtime period - Off-side.
0:24 of 1st overtime period - Aleksander Barkov wins face-off versus Mikko Rantanen in neutral zone.
1:34 of 1st overtime period - Shot by Martin Necas.
1:34 of 1st overtime period - Stopped by Alexandar Georgiev without a rebound.
1:35 of 1st overtime period - Dylan Larkin wins face-off versus Max Domi in OAKLAND GORILLAS zone.
1:59 of 1st overtime period - Shot by Ryan Hartman.
1:59 of 1st overtime period - Stopped by Juuse Saros without a rebound.
2:00 of 1st overtime period - Mikko Rantanen wins face-off versus Aleksander Barkov in SALEM BLACK JAYS zone.
3:34 of 1st overtime period - Shot by Martin Necas.
3:34 of 1st overtime period - Deflect By Dylan Larkin.
3:34 of 1st overtime period - Stopped by Alexandar Georgiev without a rebound.
3:35 of 1st overtime period - Aleksander Barkov wins face-off versus Mikko Rantanen in OAKLAND GORILLAS zone.
3:49 of 1st overtime period - Shot by Aleksander Barkov.
3:49 of 1st overtime period - Shot Misses the Net.
4:05 of 1st overtime period - Shot by Patrik Laine.
4:05 of 1st overtime period - Stopped by Juuse Saros without a rebound.
4:06 of 1st overtime period - Dylan Larkin wins face-off versus Max Domi in SALEM BLACK JAYS zone.
4:15 of 1st overtime period - Shot by Dylan Larkin.
4:15 of 1st overtime period - Shot Misses the Net.
Goals for this period are 0 for OAKLAND GORILLAS vs 0 for SALEM BLACK JAYS.
Shots for this period are 2 for OAKLAND GORILLAS vs 3 for SALEM BLACK JAYS.

ShootOut


5:00 of 1st overtime period - Round #1.
5:00 of 1st overtime period - OAKLAND GORILLAS, Aleksander Barkov.
5:00 of 1st overtime period - Shot Misses the Net.
5:00 of 1st overtime period - SALEM BLACK JAYS, Mikko Rantanen.
5:00 of 1st overtime period - Goal by Mikko Rantanen.
5:00 of 1st overtime period - Round #2.
5:00 of 1st overtime period - OAKLAND GORILLAS, Patrik Laine.
5:00 of 1st overtime period - Stopped by Juuse Saros.
5:00 of 1st overtime period - SALEM BLACK JAYS, Mitchell Marner.
5:00 of 1st overtime period - Stopped by Alexandar Georgiev.
5:00 of 1st overtime period - Round #3.
5:00 of 1st overtime period - OAKLAND GORILLAS, Brock Boeser.
5:00 of 1st overtime period - Shot Misses the Net.


BLAKE
WHEELER
STEVEN
STAMKOS
DREW
DOUGHTY

EAST COAST

HOCKEY LEAGUE

  • 63.RHI2PIT5
  • 64.WOR4ATL3
  • 65.QUECHW
  • 66.CHATRV